 Dungeon Crawl Stone Soup version 0.21-a0-81-gc5150db (webtiles) character file.

56 Kidiri the Insei (level 3, 0/27 HPs)
             Began as a Demonspawn Transmuter on June 23, 2017.
             Slain by a quokka (3 damage)
             ... on level 1 of the Dungeon.
             The game lasted 00:04:50 (1422 turns).

Kidiri the Insei (Demonspawn Transmuter)            Turns: 1422, Time: 00:04:51

Health: 0/27       AC:  6    Str: 11    XL:     3   Next: 71%
Magic:  6/6        EV: 13    Int: 14    God:
Gold:   69         SH:  0    Dex: 13    Spells: 0/6 levels left

rFire    . . .     SeeInvis .     - Unarmed
rCold    . . .     Gourm    .   (no shield)
rNeg     . . .     Faith    .   b - +1 robe
rPois    +         Spirit   .   (no helmet)
rElec    .         Reflect  .   (no cloak)
rCorr    .         Harm     .   (no gloves)
MR       .....                  (no boots)
Stlth    +.........             (no amulet)
HPRegen  0.09/turn              i - ring of poison resistance
MPRegen  0.10/turn              (no ring)

@: no status effects
A: slimy green scales 2
a: no special abilities


You were on level 1 of the Dungeon.
You were not hungry.

You visited 1 branch of the dungeon, and saw 2 of its levels.

You collected 69 gold pieces.

Inventory:

Missiles
 a - 12 arrows
Armour
 b - a +1 robe (worn)
Jewellery
 i - a ring of poison resistance (left hand)
Scrolls
 p - a scroll of blinking {unknown}
Potions
 e - a potion of invisibility {unknown}
 g - a potion of brilliance {unknown}
 j - a potion of ambrosia {unknown}
 k - a potion of resistance {unknown}
 l - a potion of might {unknown}
 m - a potion of flight {unknown}
 n - a potion of heal wounds {unknown}
 o - a potion of agility {unknown}
Books
 c - a book of Changes

   Spells                             Type                      Level
   a - Beastly Appendage              Transmutation                1
   b - Sticks to Snakes               Transmutation                2
   c - Spider Form                    Transmutation/Poison         3
   d - Ice Form                       Ice/Transmutation            4
   e - Blade Hands                    Transmutation                5
Comestibles
 d - 2 bread rations
 f - a meat ration
 h - 3 chunks of flesh


   Skills:
 + Level 1.7 Fighting
 + Level 2.4 Dodging
 * Level 3.1 Unarmed Combat
 + Level 2.1 Spellcasting
 * Level 2.4 Transmutations
 + Level 0.0 Poison Magic


You couldn't memorise any spells.
You knew the following spells:

 Your Spells              Type           Power        Failure   Level  Hunger
a - Beastly Appendage     Tmut           #.....       9%          1    #......
b - Sticks to Snakes      Tmut           #.......     13%         2    ###....
c - Spider Form           Tmut/Pois      #.........   38%         3    ###....


Dungeon Overview and Level Annotations

Branches:
Dungeon (2/15)

Altars:
Ashenzari
Hepliaklqana
Qazlal
Ru
Vehumet
Yredelemnul


Innate Abilities, Weirdness & Mutations

You are mostly covered in slimy green scales. (AC +3)


Message History

A quokka comes into view.
The quokka bites you but does no damage.
The quokka barely misses you. The quokka misses you.
The quokka barely misses you. The quokka barely misses you.
Your horns disappear.
The quokka bites you but does no damage.
There is a stone staircase leading up here.
The quokka completely misses you. The quokka barely misses you.
You climb upwards.
There is a stone staircase leading down here.
You barely miss the quokka. The quokka bites you.
* * * LOW HITPOINT WARNING * * *
You barely miss the quokka.
The quokka bites you but does no damage.
You barely miss the quokka. The quokka barely misses you.
You hit the quokka.
The quokka is heavily wounded.
The quokka bites you.
You die...

....................# #.......#
.....#.....#........# #########
.....+..............#
.....#.....#....#####
.....#.....#....#################
##...#.....#.....................
#####.....#.#...################
###############.r#
................@#
##################


You could see a quokka.

Vanquished Creatures
  2 adders (D:2)
  A leopard gecko (D:2)
  A ball python (D:2)
  A giant cockroach (D:1)
  4 goblins
  5 hobgoblins
  3 jackals (D:2)
  A quokka (D:2)
  5 bats
  4 frilled lizards
  5 kobolds (D:1)
  4 rats
36 creatures vanquished.

Notes
Turn   | Place    | Note
-------+----------+-------------------------------------------
     0 | D:1      | Kidiri the Demonspawn Transmuter began the quest for the Orb.
     0 | D:1      | Reached XP level 1. HP: 15/15 MP: 3/3
   361 | D:1      | Gained mutation: You are partially covered in slimy green scales. (AC +2) [demonic ancestry]
   361 | D:1      | Reached XP level 2. HP: 21/21 MP: 5/5
   365 | D:1      | Learned a level 2 spell: Sticks to Snakes
   813 | D:2      | Reached skill level 3 in Unarmed Combat
   813 | D:2      | Gained mutation: You are mostly covered in slimy green scales. (AC +3) [demonic ancestry]
   813 | D:2      | Reached XP level 3. HP: 24/26 MP: 6/6
   835 | D:2      | Learned a level 3 spell: Spider Form
   852 | D:2      | Found a radiant altar of Vehumet.
   852 | D:2      | Found a stormy altar of Qazlal.
   852 | D:2      | Found a shattered altar of Ashenzari.
   852 | D:2      | Found a hazy altar of Hepliaklqana.
   868 | D:2      | Found a basalt altar of Yredelemnul.
   868 | D:2      | Found a sacrificial altar of Ru.
  1422 | D:1      | Slain by a quokka

Vault maps used:
D:1:      dpeg_arrival_erosion
D:2:      minmay_overflow_temple_hex, first_bread

Skill      XL: |  1  2 |
---------------+-------+-----
Transmutations | 2 |  2.4
Dodging        | 2 |  2.4
Unarmed Combat | 3 |  3.1
Fighting       | |  1.7
Spellcasting   | |  2.1

Action                   || total
-------------------------++-------
Melee: Unarmed           ||   143
       Headbutt          ||     9
       Kick              ||     2
 Cast: Beastly Appendage ||    10
  Use: Scroll            ||     6
 Stab: Sleeping          ||     1
  Eat: Chunk             ||     2
Armor: Robe              ||    53
Dodge: Dodged            ||   111
